 Dungeon Crawl Stone Soup version 0.28.0 (webtiles) character file.

Game seed: 11041390318767249020

606515 SnakkuSnakku7 the Victor of a Thousand Battles (level 27, -2/184 HPs)
             Began as a Kobold Warper on Feb 9, 2022.
             Was the Champion of Okawaru.
             Slain by Cewyca the pandemonium lord (13 damage)
             ... in Pandemonium.
             The game lasted 02:14:17 (84549 turns).

SnakkuSnakku7 (KoWr)                               Turns: 84549, Time: 02:14:18

Health: -2/184     AC: 52    Str: 43    XL:     27
Magic:  34/38      EV:  3    Int: 14    God:    Okawaru [******]
Gold:   6040       SH:  0    Dex: 16    Spells: 30/30 levels left

rFire   + + .      SeeInvis +   b - +5 eveningstar of the Feather {speed, rElec rPois rF- Str+4}
rCold   + + +      Faith    .   f - +2 kite shield {rC+ rF+}
rNeg    + . .      Spirit   .   S - +9 gold dragon scales
rPois   +          Reflect  .   G - +1 helmet of Generosity {rPois Str+4}
rElec   +          Harm     .   y - +0 cloak of Watchfulness {+Inv rC+ Str+7 SInv}
rCorr   .          Rampage  +   r - +2 pair of gloves of Amec {rElec Slay+3}
Will    ++...                   J - +2 pair of boots {rampage}
Stlth   ..........              w - macabre finger necklace {rN+}
HPRegen 0.40/turn               t - +4 ring of slaying
MPRegen 0.26/turn               C - ring of Puklopseqad {rF+ AC+4 Str+6 Int-2}
                                B - ring of the Octopus King {Fly AC+1 EV+1 Str+1 Int+1 Dex+1}

@: lethally poisoned (-2 -> -13), about to teleport, sleeping, heroic,
finesse-ful, flying, studying Ice Magic
A: small, no large weapons, nightstalker 3
}: 4/15 runes: decaying, serpentine, slimy, silver
a: Renounce Religion, Evoke Invisibility, Heroism, Finesse, Duel


You were in Pandemonium.
You worshipped Okawaru.
Okawaru was exalted by your worship.
You visited 10 branches of the dungeon, and saw 48 of its levels.
You visited Pandemonium 1 time, and saw 1 of its levels.
You also visited: Sewer, Gauntlet, Ice Cave and Volcano.

You collected 10606 gold pieces.
You spent 4566 gold pieces at shops.

Inventory:

Hand Weapons
 a - the +8 eveningstar of Petix {freeze, rC+ Will+ Dex+5 Stlth+}
   (Okawaru gifted it to you on level 5 of the Vaults)

   It freezes those it strikes, dealing additional cold damage.
   It can also slow down cold-blooded creatures.
   Dex:       It affects your dexterity (+5).
   rC:        It protects you from cold.
   Will:      It increases your willpower.
   Stlth:     It makes you more stealthy.
 b - the +5 eveningstar of the Feather (weapon) {speed, rElec rPois rF- Str+4}
   (Okawaru gifted it to you on level 6 of the Lair of Beasts)

   Attacks with this weapon are significantly faster.
   Str:       It affects your strength (+4).
   rF:        It makes you vulnerable to fire.
   rElec:     It insulates you from electricity.
   rPois:     It protects you from poison.
Missiles
 n - 3 throwing nets (quivered)
Armour
 f - a +2 kite shield of resistance (worn)
 r - the +2 pair of gloves of Amec (worn) {rElec Slay+3}
   (You acquired it in a Gauntlet)

   Slay:      It affects your accuracy & damage with ranged weapons and melee
   (+3).
   rElec:     It insulates you from electricity.
 y - the +0 cloak of Watchfulness (worn) {+Inv rC+ Str+7 SInv}
   (Okawaru gifted it to you on level 2 of the Orcish Mines)

   Str:       It affects your strength (+7).
   rC:        It protects you from cold.
   SInv:      It lets you see invisible.
   +Inv:      It lets you turn invisible.
 G - the +1 helmet of Generosity (worn) {rPois Str+4}
   (You found it in a Gauntlet)

   Str:       It affects your strength (+4).
   rPois:     It protects you from poison.
 J - a +2 pair of boots of rampaging (worn)
 S - +9 gold dragon scales (worn)
Jewellery
 m - the ring "Doitz" {*Slow rElec rPois AC+4 Int+4}
   (You found it on level 5 of the Vaults)

   [ring of protection]

   AC:        It affects your AC (+4).
   Int:       It affects your intelligence (+4).
   rElec:     It insulates you from electricity.
   rPois:     It protects you from poison.
   *Slow:     It may slow you when you take damage.
 q - a ring of positive energy
 s - a ring of willpower
 t - a +4 ring of slaying (left hand)
 w - the macabre finger necklace (around neck) {rN+}
   (You found it on level 3 of the Elven Halls)

   [amulet of nothing]

   It enables you to equip an extra ring.
   rN:        It protects you from negative energy.
 z - a +4 ring of slaying
 B - a ring of the Octopus King (on amulet) {Fly AC+1 EV+1 Str+1 Int+1 Dex+1}
   (You found it on level 3 of the Crypt)

   [ring of flight]

   AC:        It affects your AC (+1).
   EV:        It affects your evasion (+1).
   Str:       It affects your strength (+1).
   Int:       It affects your intelligence (+1).
   Dex:       It affects your dexterity (+1).
   Fly:       It grants you flight.
 C - the ring of Puklopseqad (right hand) {rF+ AC+4 Str+6 Int-2}
   (You took it off a deep elf elementalist on level 3 of the Elven Halls)

   [ring of protection]

   AC:        It affects your AC (+4).
   Str:       It affects your strength (+6).
   Int:       It affects your intelligence (-2).
   rF:        It protects you from fire.
 Z - the ring "Jaesois" {Fly rElec rCorr SInv}
   (You found it in an ice cave)

   [ring of resist corrosion]

   rElec:     It insulates you from electricity.
   SInv:      It lets you see invisible.
   Fly:       It grants you flight.
   rCorr:     It protects you from acid and corrosion.
Wands
 e - a wand of digging (9)
 o - a wand of flame (58)
 D - a wand of acid (8)
 L - a wand of polymorph (43)
 M - a wand of mindburst (59)
 R - a wand of iceblast (26)
 T - a wand of paralysis (31)
Scrolls
 d - a scroll of silence
 j - 3 scrolls of immolation
 l - 28 scrolls of teleportation
 A - 9 scrolls of fog
 F - 6 scrolls of magic mapping
 K - 2 scrolls of blinking
 N - 9 scrolls of fear
 W - 2 scrolls of holy word
 Y - 3 scrolls of vulnerability
Potions
 c - 7 potions of cancellation
 g - 31 potions of curing
 h - 6 potions of ambrosia
 i - 5 potions of invisibility
 k - 9 potions of heal wounds
 p - 14 potions of mutation
 u - 8 potions of attraction
 v - 3 potions of might
 E - 5 potions of berserk rage
 H - 6 potions of resistance
 I - 4 potions of magic
 Q - 3 potions of haste
Miscellaneous
 x - a lightning rod (3/4)
 P - a condenser vane
 V - a phial of floods
 X - a tin of tremorstones (inert)


   Skills:
 - Level 22.0(27) Fighting
 - Level 14.0(19.0) Short Blades
 - Level 16.0(21.0) Maces & Flails
 - Level 5.0(10.0) Throwing
 + Level 19.4(24.4) Armour
 - Level 15.0(20.0) Dodging
 - Level 15.0(20.0) Shields
 - Level 2.1 Spellcasting
 - Level 3.0 Translocations
 - Level 22.1 Invocations
 - Level 10.0 Evocations


You had 30 spell levels left.
You didn't know any spells.
Your spell library contained the following spells:

 Spells                   Type           Power      Damage    Failure   Level
 Apportation              Tloc           18%        N/A       38%         1
 Blink                    Tloc           18%        N/A       54%         2
 Gell's Gravitas          Tloc           9%         N/A       77%         3
 Lesser Beckoning         Tloc           9%         N/A       77%         3
 Teleport Other           Tloc           9%         N/A       77%         3
 Beastly Appendage        Tmut           2%         N/A       82%         1
 Foxfire                  Conj/Fire      4%         2x1d4     82%         1
 Magic Dart               Conj           4%         1d3       82%         1
 Pain                     Necr           4%         1d4       82%         1
 Slow                     Hex            4%         N/A       82%         1
 Sting                    Tmut/Pois      4%         1d3       82%         1
 Corpse Rot               Necr/Air       2%         N/A       91%         2
 Ensorcelled Hibernation  Hex/Ice        2%         N/A       91%         2
 Passwall                 Tmut/Erth      0%         N/A       91%         2
 Poisonous Vapours        Pois/Air       2%         N/A       91%         2
 Scorch                   Fire           2%         2d5       91%         2
 Searing Ray              Conj           2%         2d4       91%         2
 Static Discharge         Conj/Air       1%         N/A       91%         2
 Sublimation of Blood     Necr           1%         N/A       91%         2
 Wereblood                Tmut           1%         N/A       91%         2
 Portal Projectile        Hex/Tloc       10%        N/A       93%         3
 Confusing Touch          Hex            1%         N/A       99%         3
 Conjure Flame            Conj/Fire      1%         6-21      99%         3
 Inner Flame              Hex/Fire       1%         N/A       99%         3
 Mephitic Cloud           Conj/Pois/Air  1%         N/A       99%         3
 Ozocubu's Armour         Ice            1%         N/A       99%         3
 Spider Form              Tmut/Pois      1%         N/A       99%         3
 Swiftness                Air            1%         N/A       99%         3
 Vampiric Draining        Necr           1%         2d6       99%         3
 Passage of Golubria      Tloc           9%         N/A       99%         4
 Anguish                  Hex/Necr       0%         N/A       100%        4
 Dispel Undead            Necr           1%         3d6       100%        4
 Flame Wave               Conj/Fire      1%         2d4       100%        4
 Fulminant Prism          Conj/Hex       0%         3d6       100%        4
 Iskenderun's Mystic Bla  Conj/Tloc      5%         2d3       100%        4
 Olgreb's Toxic Radiance  Pois           1%         N/A       100%        4
 Petrify                  Tmut/Erth      1%         N/A       100%        4
 Agony                    Necr           1%         N/A       100%        5
 Alistair's Intoxication  Tmut/Pois      0%         N/A       100%        5
 Blade Hands              Tmut           0%         N/A       100%        5
 Borgnjor's Vile Clutch   Necr/Erth      0%         N/A       100%        5
 Excruciating Wounds      Necr           0%         N/A       100%        5
 Fireball                 Conj/Fire      0%         3d3       100%        5
 Irradiate                Conj/Tmut      0%         3d14      100%        5
 Lightning Bolt           Conj/Air       0%         1d11      100%        5
 Manifold Assault         Tloc           9%         N/A       100%        5
 Metabolic Englaciation   Hex/Ice        0%         N/A       100%        5
 Silence                  Hex/Air        0%         N/A       100%        5
 Yara's Violent Unravell  Hex/Tmut       0%         3d3       100%        5
 Eringya's Noxious Bog    Tmut/Pois      0%         N/A       100%        6
 Starburst                Conj/Fire      0%         6d3       100%        6
 Storm Form               Tmut/Air       0%         N/A       100%        7
 Discord                  Hex            0%         N/A       100%        8
 Ignition                 Fire           0%         3d3       100%        8
 Lehudib's Crystal Spear  Conj/Erth      0%         10d2      100%        8
 Maxwell's Capacitive Co  Air            0%         ∞         100%        8
 Animate Skeleton         Necr           Unusable   N/A       N/A         1
 Summon Small Mammal      Summ           Unusable   N/A       N/A         1
 Call Imp                 Summ           Unusable   N/A       N/A         2
 Animate Armour           Summ/Erth      Unusable   N/A       N/A         4
 Death Channel            Necr           Unusable   N/A       N/A         6
 Simulacrum               Ice/Necr       Unusable   N/A       N/A         6
 Summon Cactus Giant      Summ           Unusable   N/A       N/A         6
 Summon Hydra             Summ           Unusable   N/A       N/A         7

Dungeon Overview and Level Annotations

Branches:
Dungeon (15/15)            Temple (1/1) D:5            Lair (6/6) D:9
  Swamp (4/4) Lair:2        Snake (4/4) Lair:3        Slime (5/5) Lair:6
    Orc (2/2) D:11            Elf (3/3) Orc:2        Vaults (5/5) D:13
  Crypt (3/3) Vaults:3       Tomb (0/3) Crypt:3      Depths (0/4) D:15
  Sewer (visited)           IceCv (visited)         Volcano (visited)
Gauntlet (visited)

Altars:
Ashenzari
Dithmenos
Elyvilon
Fedhas
Gozag
Hepliaklqana
Kikubaaqudgha
Makhleb
Nemelex Xobeh
Okawaru
Ru
Vehumet
Wu Jian
Xom
Yredelemnul
Zin
The Shining One

Shops:
D:2 *   D:4 *   D:13 *:   D:14 *:!   Orc:2 ?*?(:   Elf:1 (   Elf:2 (:
Elf:3 (!*=(   Vaults:3 *(

Portals:
Pandemonium: Orc:2

Annotations:
Snake:2 Roxanne


Innate Abilities, Weirdness & Mutations

You are small and have problems with some larger weapons.
You are completely attuned to the shadows.


Message History

The Tzitzimitl is engulfed in freezing vapours.
The Tzitzimitl calls on the powers of darkness!
Your body is wracked with pain!
* * * LOW HITPOINT WARNING * * *
You hear a grinding noise.
Okay, then.
You feel much better. Cewyca hits you but does no damage.
The Tzitzimitl calls on the powers of darkness!
Your body is wracked with pain!
* * * LOW HITPOINT WARNING * * *
The demonspawn blood saint is engulfed in freezing vapours.
The demonspawn blood saint calls on the powers of chaos!
The Tzitzimitl is filled with an inner flame.
Cewyca seems to speed up.
Cewyca gestures at you.
You barely resist.
You hear a grinding noise.
Cewyca hits you!
* * * LOW HITPOINT WARNING * * *
Blink to where?
Press: ? - help, Dir - move target
As you read the scroll of blinking, it crumbles to dust.
Blink to where?
Press: ? - help, Dir - move target
As you read the scroll of blinking, it crumbles to dust.
As you read the scroll of teleportation, it crumbles to dust.
You feel strangely unstable. Cewyca gestures at you.
You fall asleep.
Cewyca gestures at you.
The blast of poison engulfs you but does no damage.
You are lethally poisoned!
You resist.
You hear a grinding noise.
* * * LOW HITPOINT WARNING * * *
You feel very sick. Cewyca hits you but does no damage.
Cewyca sneers, "Thy lungs shall be my snack!"
Cewyca hits you!
You die...

.........
######.#...#
.○○..°..○1○######§#
######○☼○6☼°§§.§§§§
#2.###§####§# #6#
#.. #§# #.# #.#.
#§# #.# #. #.#&#
#.# #§@# +..
.☼§☼§☼○○. #########


You could see Cewyca (fast, invisible, clouds).

Vanquished Creatures
  the Royal Jelly (Slime:5)
  3 dread liches
  An ancient lich (Vaults:4)
  Mara (Snake:3)
  Boris (thrice) (Vaults:1 Vaults:4 Crypt:1)
  A royal mummy (Crypt:3)
  Vashnia (Snake:2)
  Saint Roka (Vaults:2)
  The ghost of howech the Severer, a veteran MiGl of the Shining One (Vaults:4)
  Xtahua (Vaults:5)
  Margery (Vaults:5)
  Nikola (Snake:3)
  Jory (Vaults:4)
  5 golden dragons
  4 tentacled monstrosities
  4 liches
  Rupert (D:13)
  Asterion (Vaults:1)
  Mlioglotl (Snake:4)
  4 deep elf master archers (Elf:3)
  A quicksilver dragon (Vaults:5)
  2 deep elf blademasters (Elf:3)
  Frances (Snake:1)
  20 acid blobs
  2 titans (Vaults:5)
  2 sphinxes
  Kirke (D:14)
  A storm dragon (Vaults:5)
  8 shadow dragons
  2 ancient champions (Crypt:1)
  The ghost of Sokuv the Ruinous, an adept DECj of Sif Muna (Snake:3)
  A revenant (Crypt:1)
  5 thorn hunters
  5 fire giants (Vaults:5)
  8 nagarajas (Snake:4)
  A fenstrider witch (Swamp:3)
  3 tengu reavers (Vaults:5)
  Donald (Snake:1)
  12 azure jellies
  13 vault wardens
  5 rockslimes
  4 deep elf sorcerers
  The ghost of Zoimialu the Destroyer, an adept OpWz of Vehumet (Snake:1)
  An iron dragon (Vaults:5)
  A draconian knight (IceCv)
  Aizul (Snake:2)
  5 frost giants
  A balrug (Pan)
  4 curse skulls
  Louise (Snake:4)
  3 orc warlords
  18 ironbound preservers
  5 deep elf elementalists (Elf:3)
  4 ghouls
  5 stone giants
  6 very ugly things
  4 reapers (Crypt:3)
  5 war gargoyles
  14 quicksilver oozes
  9 ironbound thunderhulks
  The ghost of Duder the Fighter, a journeyman MiBe of Trog (D:13)
  7 vampire knights
  11 eleionomae
  7 deep elf demonologists
  5 white draconians (IceCv)
  6 deep elf annihilators
  4 bunyips
  2 entropy weavers
  10 dire elephants
  A minotaur (Gauntlet)
  5 ettins
  Josephine (D:12)
  8 eidola
  A fire dragon (Lair:6)
  8 deep elf death magi
  14 jiangshi
  9 great orbs of eyes
  2 shambling mangroves
  3 deep elf high priests
  27 vault guards
  A spriggan zombie (Crypt:3)
  13 yaktaur captains
  2 peacekeepers
  A salamander tyrant (Snake:3)
  5 boulder beetles
  A fenstrider witch zombie (Crypt:3)
  28 hydras
  3 spriggan skeletons (Crypt:3)
  13 naga warriors
  6 catoblepae
  2 ghost crabs
  15 ironbound frosthearts
  5 ogre magi
  Harold (D:10)
  3 death knights
  A demonspawn (Orc:2)
  5 anacondas
  21 centaur warriors
  29 dancing weapons
  6 death yaks
  7 alligators
  7 two-headed ogres
  The ghost of Vexag the Chopper, a novice HOMo (D:10)
  2 vampire magi
  2 deep troll earth magi
  2 tengu warriors
  A titan zombie (Crypt:3)
  An emperor scorpion zombie (Crypt:1)
  7 orc high priests (Orc:2)
  7 hell knights
  12 shock serpents
  18 naga sharpshooters
  Urug (D:13)
  3 sun demons
  A titan skeleton (Crypt:3)
  7 spriggans
  19 deep elf knights
  A fire crab (D:12)
  4 goliath frogs
  3 sea snakes (Snake:4)
  4 salamander mystics
  15 skeletal warriors
  A spark wasp zombie (Crypt:1)
  2 sixfirhies (Orc:2)
  11 soul eaters
  54 deep trolls
  2 glowing orange brains
  A glowing orange brain (shapeshifter) (D:15)
  A sea snake (shapeshifter) (Vaults:5)
  4 swamp dragons
  3 bog bodies
  5 spriggan druids
  16 deep elf archers
  11 ironbound convokers
  An obsidian statue (Gauntlet)
  An orange crystal statue (IceCv)
  2 flayed ghosts
  2 wolf spider zombies
  13 wizards
  An iron giant skeleton (Crypt:2)
  13 necromancers
  6 naga ritualists
  A tengu zombie (Crypt:3)
  A spectral hydra (Swamp:4)
  7 lindwurms
  20 phantasmal warriors
  38 deep elf pyromancers
  14 orc knights
  9 mana vipers
  4 harpies (Vaults:2)
  An iron dragon zombie (Crypt:1)
  An anaconda skeleton (Crypt:3)
  22 deep elf zephyrmancers
  38 ugly things
  A shadow dragon zombie (Crypt:3)
  7 orc sorcerers
  18 salamanders
  5 manticores
  4 shining eyes
  3 wolf spiders (Crypt:3)
  3 will-o-the-wisps
  3 stone giant zombies (Crypt:3)
  An iron dragon skeleton (Crypt:3)
  A moth of wrath (Swamp:1)
  4 oklob plants
  A spectral shock serpent (Snake:1)
  26 black mambas
  An elephant (shapeshifter) (Vaults:5)
  5 cyclopes
  14 elephants
  10 torpor snails
  A water nymph (shapeshifter) (Vaults:5)
  20 vault sentinels
  A smoke demon (Gauntlet)
  7 guardian serpents
  A dire elephant zombie (Crypt:1)
  21 naga magi
  11 cane toads
  An orange demon (Orc:2)
  9 storm dragon simulacra (IceCv)
  4 gargoyles
  2 rime drakes
  2 alligator snapping turtle zombies (Crypt:3)
  3 eyes of devastation
  39 yaktaurs
  8 freezing wraiths
  A guardian mummy (Crypt:3)
  8 komodo dragons
  An ice devil (Orc:2)
  A harpy zombie (Crypt:3)
  4 hydra zombies
  13 hellwings (Crypt:3)
  An anaconda simulacrum (Snake:1)
  5 golden dragon simulacra (IceCv)
  4 meliai
  5 trolls
  3 polar bears
  Prince Ribbit (D:7)
  3 death drake skeletons (Swamp:4)
  A merfolk (shapeshifter) (Vaults:1)
  2 harpy skeletons (Crypt:3)
  17 hornets
  18 tyrant leeches
  141 slime creatures
  A meliai zombie (Crypt:2)
  48 blink frogs
  18 dream sheep
  2 shock serpent simulacra (Snake:1)
  2 jumping spiders (Crypt:3)
  An ettin zombie (Crypt:1)
  A spectral black mamba (Snake:1)
  Sigmund (D:3)
  11 wraiths
  3 flying skulls (Crypt:1)
  3 shadows
  A black mamba zombie (Crypt:3)
  2 centaur simulacra
  A ynoxinul (Pan)
  2 black mamba skeletons
  5 air elementals
  3 fire elementals
  46 yaks
  7 wyverns
  An ushabti (Crypt:3)
  18 humans
  4 water elementals
  6 vampires
  A steam dragon (D:8)
  A spectral salamander (Snake:1)
  4 hogs (D:14)
  2 golden eyes (Slime:5)
  7 basilisks
  A redback (shapeshifter) (Elf:1)
  20 vampire mosquitoes
  7 redbacks
  19 swamp worms
  3 acid dragons
  55 nagas
  6 wargs
  5 hydra simulacra (Swamp:4)
  21 water moccasins
  3 sky beasts (D:7)
  40 orc warriors
  7 swamp dragon zombies (Swamp:4)
  4 boggarts (Vaults:4)
  4 ice beasts
  A hornet zombie (D:9)
  16 ogres
  3 swamp drakes
  2 black bears (D:8)
  3 black mamba simulacra (Snake:1)
  2 ice dragon simulacra (IceCv)
  2 necrophages (Crypt:2)
  19 wolves
  20 centaurs
  2 dream sheep skeletons (Crypt:2)
  A phantom (D:5)
  3 earth elementals (Elf:1)
  12 bullfrogs
  6 kobold brigands
  An octopode zombie (Crypt:1)
  2 naga simulacra (Snake:1)
  A wyvern zombie (D:9)
  2 scorpions
  A komodo dragon skeleton (Crypt:2)
  A hornet simulacrum (D:15)
  2 water moccasin skeletons
  5 wyvern skeletons (Crypt:3)
  5 lindwurm simulacra (IceCv)
  12 killer bees
  19 wights
  4 electric eels
  A howler monkey (D:10)
  3 lava snakes (Lair:1)
  2 crimson imps (Gauntlet)
  6 centaur zombies
  A bullfrog zombie (D:6)
  2 human simulacra (Vaults:4)
  A bullfrog skeleton (Crypt:1)
  A gnoll shaman (D:8)
  A jelly (D:5)
  3 centaur skeletons
  Crazy Yiuf (D:7)
  6 hounds
  33 orc priests
  4 iguanas
  Terence (D:3)
  22 orc wizards
  8 hell rats
  A merfolk siren (Sewer)
  A killer bee zombie (D:8)
  A dwarf zombie (Crypt:2)
  A demigod skeleton (Crypt:2)
  A mummy (Crypt:3)
  3 howler monkey zombies
  Robin (D:3)
  11 gnolls
  8 adders
  A howler monkey skeleton (D:6)
  A river rat (Sewer)
  A shadow imp (D:5)
  A steam dragon skeleton (Crypt:2)
  2 white imps (D:7)
  3 adder skeletons
  A worm (D:2)
  2 dart slugs
  88 orcs
  7 endoplasms
  A giant cockroach (shapeshifter) (Vaults:1)
  9 giant cockroaches
  18 goblins
  8 hobgoblins
  3 jackals (D:2)
  7 quokkas
  6 ball pythons
  10 bats
  10 frilled lizards
  A goblin skeleton (Crypt:1)
  26 kobolds
  20 rats
  A rat skeleton (Crypt:2)
  2 briar patches (Swamp:4)
  A withered plant (Crypt:3)
2312 creatures vanquished.

Vanquished Creatures (others)
  A centaur warrior (Vaults:1)
  A deep elf knight (Elf:1)
  A bloated husk (Swamp:4)
  A swamp worm (Swamp:4)
  A swamp drake (Swamp:4)
  An orc warrior (Orc:2)
  15 briar patches (Swamp:4)
  A bush (Elf:3)
  A demonic plant (D:2)
  22 foxfires
  67 fungi
  92 plants
  26 withered plants (Crypt:3)
230 creatures vanquished.

Grand Total: 2542 creatures vanquished

Notes
Turn   | Place    | Note
-------+----------+-------------------------------------------
     0 | D:1      | SnakkuSnakku7 the Kobold Warper began the quest for the
                  | Orb.
     0 | D:1      | Reached XP level 1. HP: 12/12 MP: 3/3
   365 | D:1      | Reached XP level 2. HP: 15/17 MP: 5/5
   932 | D:2      | Reached XP level 3. HP: 7/21 MP: 6/6
  1173 | D:2      | Found a basalt altar of Yredelemnul.
  1294 | D:2      | Found Fujoy's Assorted Antiques.
  1352 | D:2      | Found a faded altar of an unknown god.
  1660 | D:2      | Reached XP level 4. HP: 11/26 MP: 7/7
  1668 | D:2      | Bought a scroll labelled ZOSUSHR VONGOMOPP for 29 gold
                  | pieces
  2107 | D:2      | Bought a scroll labelled ZOSUSHR VONGOMOPP for 29 gold
                  | pieces
  2143 | D:3      | Noticed Sigmund
  2198 | D:3      | Noticed Terence
  2865 | D:4      | Reached XP level 5. HP: 12/30 MP: 8/8
  3032 | D:4      | Found a glowing drain.
  3069 | Sewer    | Entered a sewer
  3722 | D:4      | Identified the +10 dagger "Edukamor" {vamp, +Blink Will+
                  | Int+3 Dex-4}
  3739 | D:4      | Reached XP level 6. HP: 37/37 MP: 9/9
  3768 | D:4      | Noticed an ogre
  3988 | D:4      | Killed an ogre
  4159 | D:4      | Identified the +0 ring mail "Ruchuav" {Fly rC+}
  4283 | D:4      | Reached skill level 5 in Fighting
  4475 | D:4      | Noticed an ogre
  4492 | D:4      | Reached XP level 7. HP: 35/44 MP: 10/10
  5923 | D:4      | Found Hifoym's General Store.
  5960 | D:4      | Bought a scroll of teleportation for 39 gold pieces
  6076 | D:3      | Reached XP level 8. HP: 45/51 MP: 11/11
  6222 | D:3      | Noticed Robin
  6230 | D:3      | Killed Robin
  6559 | D:3      | Killed Sigmund
  6581 | D:3      | Killed Terence
  6667 | D:5      | Entered Level 5 of the Dungeon
  6745 | D:5      | Reached skill level 5 in Throwing
  6910 | D:5      | Noticed a wyvern
  6920 | D:5      | Killed a wyvern
  6932 | D:5      | Reached XP level 9. HP: 34/60 MP: 12/12
  7220 | D:5      | Found a staircase to the Ecumenical Temple.
  7233 | D:5      | Reached skill level 10 in Fighting
  7239 | Temple   | Entered the Ecumenical Temple
  7291 | Temple   | Became a worshipper of Warmaster Okawaru
  7695 | D:6      | Reached skill level 1 in Shields
  7721 | D:5      | HP: 1/62 [ice beast (7)]
  8749 | D:6      | Reached * piety under Okawaru
  8903 | D:6      | Reached skill level 1 in Short Blades
  8973 | D:6      | HP: 3/62 [poisoned by an orc wizard]
  9345 | D:6      | Reached skill level 5 in Short Blades
  9345 | D:6      | Reached XP level 10. HP: 67/68 MP: 13/13
  9373 | D:6      | Reached ** piety under Okawaru
  9663 | D:6      | Found a glowing golden altar of the Shining One.
 10595 | D:7      | Reached skill level 10 in Short Blades
 10642 | D:7      | Found a runed translucent door.
 10645 | D:7      | Noticed Crazy Yiuf
 10653 | D:7      | Killed Crazy Yiuf
 10748 | D:7      | Noticed Prince Ribbit
 10755 | D:7      | Killed Prince Ribbit
 10756 | D:7      | Reached skill level 5 in Shields
 11093 | D:8      | Reached skill level 1 in Invocations
 11106 | D:8      | Reached *** piety under Okawaru
 11630 | D:8      | Noticed an orc knight
 12220 | D:8      | Received a gift from Okawaru
 12221 | D:8      | Reached XP level 11. HP: 71/72 MP: 14/14
 12251 | D:8      | Reached skill level 5 in Invocations
 12262 | D:8      | Reached **** piety under Okawaru
 12542 | D:8      | Noticed a white ugly thing
 12555 | D:8      | Killed a white ugly thing
 12561 | D:8      | Received a gift from Okawaru
 12573 | D:8      | Reached skill level 1 in Evocations
 12933 | D:8      | Reached ***** piety under Okawaru
 12950 | D:8      | Identified the +6 rapier of Sidas {flame, rElec rC+ rN++
                  | rCorr Int-4}
 12963 | D:8      | HP: 1/72 [orc warrior (9)]
 13353 | D:8      | Noticed a death knight
 13446 | D:8      | Killed an orc knight
 13447 | D:8      | Reached skill level 5 in Evocations
 14200 | D:9      | Found a staircase to the Lair.
 14850 | D:10     | Entered Level 10 of the Dungeon
 15492 | D:10     | Noticed a two-headed ogre
 15504 | D:10     | Killed a two-headed ogre
 15504 | D:10     | Received a gift from Okawaru
 15786 | D:10     | Noticed Harold
 15801 | D:10     | HP: 1/72 [Harold (22)]
 15806 | D:10     | Killed Harold
 15806 | D:10     | Identified the +0 cloak "Fumoat" {Str+6 SInv} (Okawaru
                  | gifted it to you on level 10 of the Dungeon)
 15806 | D:10     | Received a gift from Okawaru
 15807 | D:10     | Reached XP level 12. HP: 23/77 MP: 18/18
 16196 | D:4      | Bought a +2 helmet of intelligence for 279 gold pieces
 16990 | Lair:1   | Entered Level 1 of the Lair of Beasts
 17045 | Lair:1   | Found a gate leading to a gauntlet.
 17057 | Gauntlet | Entered a Gauntlet
 17057 | Gauntlet | Found a transporter.
 17057 | Gauntlet | Found a large runed translucent door.
 17057 | Gauntlet | Found a large runed translucent door.
 17102 | Gauntlet | Found a large runed translucent door.
 17102 | Gauntlet | Found a large runed translucent door.
 17103 | Gauntlet | Found a runed translucent door.
 17103 | Gauntlet | Found a large runed translucent door.
 17103 | Gauntlet | Found a large runed translucent door.
 17103 | Gauntlet | Found a runed translucent door.
 17107 | Gauntlet | Found a large runed translucent door.
 17108 | Gauntlet | Found a large runed translucent door.
 17109 | Gauntlet | Found a large runed translucent door.
 17109 | Gauntlet | Found a large runed translucent door.
 17114 | Gauntlet | Found a transporter.
 17136 | Gauntlet | Found a transporter.
 17145 | Gauntlet | Found a transporter.
 17152 | Gauntlet | Found a transporter.
 17174 | Gauntlet | Found a transporter.
 17176 | Gauntlet | Noticed a fire crab
 17186 | Gauntlet | Found a transporter.
 17197 | Gauntlet | Noticed an entropy weaver
 17198 | Gauntlet | Found a transporter.
 17210 | Gauntlet | Found a transporter.
 17212 | Gauntlet | Noticed an eight-headed hydra
 17218 | Gauntlet | Noticed a hell hog
 17222 | Gauntlet | Found a transporter.
 17234 | Gauntlet | Found a transporter.
 17235 | Gauntlet | Noticed a glowing orange brain
 17256 | Gauntlet | Found a transporter.
 17268 | Gauntlet | Found a transporter.
 17271 | Gauntlet | Found a transporter.
 17290 | Gauntlet | Found a large runed translucent door.
 17291 | Gauntlet | Found a large runed translucent door.
 17301 | Gauntlet | Found a large runed translucent door.
 17301 | Gauntlet | Found a large runed translucent door.
 17302 | Gauntlet | Found a large runed translucent door.
 17302 | Gauntlet | Found a large runed translucent door.
 17304 | Gauntlet | Found a runed translucent gate.
 17304 | Gauntlet | Found a runed translucent gate.
 17304 | Gauntlet | Found a runed translucent gate.
 17307 | Gauntlet | Found a transporter.
 17396 | Gauntlet | Found a transporter.
 17398 | Gauntlet | Identified a scroll of acquirement
 17398 | Gauntlet | Acquired the +2 pair of gloves of Amec {rElec Slay+3}
 17411 | Gauntlet | Found a transporter.
 17441 | Gauntlet | Identified the +1 helmet of Generosity {rPois Str+4}
 17653 | Gauntlet | Noticed a minotaur
 17661 | Gauntlet | Killed a minotaur
 17817 | Lair:1   | Reached skill level 5 in Maces & Flails
 18058 | Lair:1   | Identified the +6 chain mail of Qebrexel {rF+ rCorr}
 18232 | Lair:1   | Noticed a seven-headed hydra
 18248 | Lair:1   | Killed a seven-headed hydra
 18844 | Lair:2   | Received a gift from Okawaru
 19163 | Lair:2   | Reached ****** piety under Okawaru
 19169 | Lair:2   | Identified the +3 buckler "Wipseama" {rCorr} (Okawaru
                  | gifted it to you on level 2 of the Lair of Beasts)
 19169 | Lair:2   | Received a gift from Okawaru
 19286 | Lair:2   | Reached XP level 13. HP: 80/82 MP: 19/19
 19299 | Lair:2   | Noticed a five-headed hydra
 19308 | Lair:2   | Killed a five-headed hydra
 19309 | Lair:2   | Found a staircase to the Swamp.
 20340 | Lair:3   | Reached skill level 10 in Maces & Flails
 20602 | Lair:3   | Noticed a five-headed hydra
 20627 | Lair:3   | Killed a five-headed hydra
 20627 | Lair:3   | Received a gift from Okawaru
 20779 | Lair:3   | Found a staircase to the Snake Pit.
 21370 | Lair:4   | Noticed a six-headed hydra
 21376 | Lair:4   | Killed a six-headed hydra
 21376 | Lair:4   | Received a gift from Okawaru
 21490 | Lair:4   | Noticed a four-headed hydra
 21510 | Lair:4   | Killed a four-headed hydra
 21745 | Lair:4   | Found a dark tunnel.
 21751 | Volcano  | Entered a volcano
 21807 | Volcano  | Received a gift from Okawaru
 22020 | Volcano  | Reached XP level 14. HP: 10/88 MP: 17/20
 23923 | Lair:5   | Identified the +0 hat "Esekef" {Contam rElec rC++} (Okawaru
                  | gifted it to you on level 5 of the Lair of Beasts)
 23923 | Lair:5   | Received a gift from Okawaru
 24952 | Lair:6   | Entered Level 6 of the Lair of Beasts
 24972 | Lair:6   | Reached skill level 15 in Maces & Flails
 25006 | Lair:6   | Found a staircase to the Slime Pits.
 26000 | Lair:6   | Identified the +3 buckler "Noxe" {Dex+4} (Okawaru gifted it
                  | to you on level 6 of the Lair of Beasts)
 26000 | Lair:6   | Received a gift from Okawaru
 26355 | Lair:6   | Reached XP level 15. HP: 86/92 MP: 21/21
 26375 | Lair:6   | Reached skill level 1 in Armour
 26777 | Lair:6   | Found a runed translucent door.
 27109 | Lair:6   | Received a gift from Okawaru
 27118 | Lair:6   | Reached skill level 5 in Armour
 27255 | Lair:6   | Identified the +5 eveningstar of the Feather {speed, rElec
                  | rPois rF- Str+4} (Okawaru gifted it to you on level 6 of
                  | the Lair of Beasts)
 27255 | Lair:6   | Received a gift from Okawaru
 27798 | Lair:6   | Received a gift from Okawaru
 27953 | Lair:6   | Identified the +3 ring mail of the Distant Future {rPois
                  | Will- Str+3 Dex+4}
 27980 | Lair:6   | Acquired the amulet of Bicvalia {Acrobat rF+ MP+9}
 29709 | D:11     | Found a staircase to the Orcish Mines.
 30245 | D:11     | Found a runed translucent gate.
 30245 | D:11     | Found a runed translucent gate.
 30245 | D:11     | Found a runed translucent gate.
 30248 | D:11     | Found an opulent altar of Gozag.
 30699 | D:11     | Noticed Vexag's ghost (novice HOMo)
 30735 | D:10     | Killed Vexag's ghost
 30736 | D:10     | Reached XP level 16. HP: 90/97 MP: 22/22
 31372 | D:12     | Reached skill level 10 in Armour
 31895 | D:12     | Received a gift from Okawaru
 31960 | D:12     | Reached skill level 5 in Dodging
 31980 | D:12     | Noticed Josephine
 31986 | D:12     | Killed Josephine
 32725 | Orc:1    | Entered Level 1 of the Orcish Mines
 33290 | Orc:2    | Entered Level 2 of the Orcish Mines
 33290 | Orc:2    | Found a staircase to the Elven Halls.
 33607 | Orc:2    | Found Fiemun's Magic Scroll Shop.
 33637 | Orc:2    | Bought a scroll of enchant armour for 105 gold pieces
 33637 | Orc:2    | Bought a scroll of blinking for 105 gold pieces
 33637 | Orc:2    | Bought a scroll of teleportation for 42 gold pieces
 33637 | Orc:2    | Bought a scroll of teleportation for 42 gold pieces
 33637 | Orc:2    | Bought a scroll of fear for 49 gold pieces
 33637 | Orc:2    | Bought a scroll of teleportation for 42 gold pieces
 33637 | Orc:2    | Bought a scroll of silence for 105 gold pieces
 33876 | Orc:2    | Identified the +0 cloak of Watchfulness {+Inv rC+ Str+7
                  | SInv} (Okawaru gifted it to you on level 2 of the Orcish
                  | Mines)
 33876 | Orc:2    | Received a gift from Okawaru
 34220 | Orc:2    | Found Taroich's Magic Scroll Shoppe.
 34223 | Orc:2    | Found Remintesos's General Store.
 34344 | Orc:2    | Bought a scroll of teleportation for 54 gold pieces
 34344 | Orc:2    | Bought a scroll of fear for 63 gold pieces
 34344 | Orc:2    | Bought a scroll of blinking for 135 gold pieces
 34344 | Orc:2    | Bought a scroll of teleportation for 54 gold pieces
 34344 | Orc:2    | Bought a scroll of fear for 63 gold pieces
 34344 | Orc:2    | Bought a scroll of magic mapping for 63 gold pieces
 34344 | Orc:2    | Bought a scroll of silence for 135 gold pieces
 34526 | Orc:2    | Reached skill level 10 in Dodging
 34874 | Orc:2    | Found Ynerowy's Antique Weapon Shop.
 34874 | Orc:2    | Found a one-way gate leading to the halls of Pandemonium.
 34874 | Orc:2    | Found Qodil's Book Boutique.
 34879 | Orc:2    | Paralysed by an orc sorcerer for 6 turns
 35045 | D:13     | Found a runed translucent gate.
 35045 | D:13     | Found a runed translucent gate.
 35046 | D:13     | Found a runed translucent gate.
 35056 | D:13     | Found Atoirph's Book Shoppe.
 35091 | D:13     | Noticed Urug
 35103 | D:13     | Noticed Rupert
 35107 | D:13     | Reached XP level 17. HP: 68/102 MP: 23/23
 35401 | D:13     | Reached skill level 10 in Evocations
 35721 | D:13     | Killed Urug
 35793 | D:13     | Killed Rupert
 35891 | D:13     | Found a gate to the Vaults.
 36116 | D:13     | Found Jamoa's Assorted Antiques.
 36121 | D:13     | Bought a pink potion for 23 gold pieces
 36121 | D:13     | Bought a scroll of fear for 91 gold pieces
 36121 | D:13     | Bought an amethyst potion for 23 gold pieces
 36121 | D:13     | Bought an amethyst potion for 23 gold pieces
 36154 | D:13     | Noticed Duder's ghost (journeyman MiBe)
 36173 | D:13     | Killed Duder's ghost
 36230 | D:14     | Reached skill level 10 in Invocations
 36810 | D:14     | Found an iron altar of Okawaru.
 36884 | D:14     | Found Yseth's Distillery.
 36894 | D:14     | Bought a potion of degeneration for 14 gold pieces
 36895 | D:14     | Bought a potion of curing for 42 gold pieces
 36895 | D:14     | Bought a potion of curing for 42 gold pieces
 36895 | D:14     | Bought a potion of resistance for 140 gold pieces
 36895 | D:14     | Bought a potion of cancellation for 112 gold pieces
 36895 | D:14     | Bought 2 potions of berserk rage for 140 gold pieces
 36895 | D:14     | Bought a potion of curing for 42 gold pieces
 36895 | D:14     | Bought a potion of mutation for 112 gold pieces
 37027 | D:14     | Noticed Kirke
 37075 | D:14     | Killed Kirke
 37350 | D:14     | Found Meeg's General Store.
 37355 | D:14     | Bought a scroll of teleportation for 36 gold pieces
 37361 | D:14     | Found Agyeb's Book Boutique.
 37484 | D:14     | Found a hazy altar of Hepliaklqana.
 37484 | D:14     | Found a faded altar of an unknown god.
 37491 | D:14     | Received a gift from Okawaru
 37521 | D:15     | Entered Level 15 of the Dungeon
 37619 | D:15     | Found a blossoming altar of Fedhas.
 37643 | D:15     | Received a gift from Okawaru
 38207 | D:15     | Paralysed by an orc sorcerer for 5 turns
 38449 | D:15     | Found a staircase to the Depths.
 38788 | Swamp:1  | Entered Level 1 of the Swamp
 39090 | Swamp:1  | Noticed a tentacled monstrosity
 39103 | Swamp:1  | Killed a tentacled monstrosity
 39104 | Swamp:1  | Reached XP level 18. HP: 62/116 MP: 25/25
 39986 | Swamp:2  | Reached skill level 15 in Fighting
 40431 | Swamp:2  | Received a gift from Okawaru
 41951 | Swamp:4  | Entered Level 4 of the Swamp
 43879 | Swamp:4  | Reached XP level 19. HP: 106/124 MP: 26/26
 43886 | Swamp:4  | Received a gift from Okawaru
 44774 | Swamp:4  | Received a gift from Okawaru
 45224 | Swamp:4  | Found a basalt altar of Yredelemnul.
 45271 | Swamp:4  | Found a blossoming altar of Fedhas.
 45648 | Swamp:4  | Got a decaying rune of Zot
 45880 | Snake:1  | Entered Level 1 of the Snake Pit
 45894 | Snake:1  | Found a runed translucent gate.
 45894 | Snake:1  | Found a runed translucent gate.
 45894 | Snake:1  | Found a runed translucent gate.
 45924 | Snake:1  | Noticed Zoimialu's ghost (adept OpWz)
 46105 | Snake:1  | Received a gift from Okawaru
 46255 | Snake:1  | Noticed Donald
 46268 | Snake:1  | Killed Donald
 46425 | Snake:1  | Received a gift from Okawaru
 47380 | Snake:1  | Noticed Frances
 47399 | Snake:1  | Killed Frances
 47706 | Snake:1  | Killed Zoimialu's ghost
 47786 | Snake:2  | Noticed Vashnia
 47950 | Snake:2  | Received a gift from Okawaru
 47974 | Snake:2  | Killed Vashnia
 49232 | Snake:2  | Noticed Roxanne
 49270 | Snake:2  | Reached XP level 20. HP: 121/129 MP: 27/27
 49531 | Snake:2  | Noticed Aizul
 49551 | Snake:2  | Killed Aizul
 49802 | Snake:3  | Found a frozen archway.
 49816 | IceCv    | Entered an ice cave
 50405 | IceCv    | Identified the ring "Jaesois" {Fly rElec rCorr SInv}
 50411 | IceCv    | Identified the amulet of a Billion Knives {Acrobat rPois}
 50557 | Snake:3  | Reached skill level 10 in Shields
 50741 | Snake:3  | Noticed Mara
 50748 | Snake:3  | Noticed SnakkuSnakku7's illusion
 50753 | Snake:3  | Received a gift from Okawaru
 50756 | Snake:3  | Killed Mara
 51294 | Snake:3  | Found a runed translucent door.
 51878 | Snake:3  | Noticed Sokuv's ghost (adept DECj)
 51901 | Snake:3  | Killed Sokuv's ghost
 51924 | Snake:4  | Entered Level 4 of the Snake Pit
 51928 | Snake:4  | Noticed Nikola
 51948 | Snake:3  | Killed Nikola
 52314 | Snake:4  | Noticed Mlioglotl
 52325 | Snake:4  | Killed Mlioglotl
 52667 | Snake:4  | Reached XP level 21. HP: 134/134 MP: 28/28
 52861 | Snake:4  | Noticed Louise
 52885 | Snake:4  | Killed Louise
 52885 | Snake:4  | Received a gift from Okawaru
 54339 | Snake:4  | Reached XP level 22. HP: 93/140 MP: 29/29
 54767 | Snake:4  | Got a serpentine rune of Zot
 54822 | Snake:4  | Received a gift from Okawaru
 55068 | Elf:1    | Entered Level 1 of the Elven Halls
 55171 | Elf:1    | Received a gift from Okawaru
 55241 | Elf:1    | You fall into a shaft and drop 1 floor!
 55263 | Elf:2    | Found a runed translucent gate.
 55263 | Elf:2    | Found a runed translucent gate.
 55263 | Elf:2    | Found a runed translucent gate.
 55286 | Elf:2    | Received a gift from Okawaru
 55500 | Elf:2    | Paralysed by an air elemental for 1 turns
 55563 | Elf:2    | Found Fedwuhed's Book Shop.
 56054 | Elf:2    | Found Kosij's Antique Weapon Shoppe.
 57301 | Elf:3    | Entered Level 3 of the Elven Halls
 57374 | Elf:3    | Found Gegiw's Jewellery Emporium.
 57376 | Elf:3    | Found Baavoe's Distillery.
 57384 | Elf:3    | Bought a potion of mutation for 128 gold pieces
 57384 | Elf:3    | Bought a potion of mutation for 128 gold pieces
 57384 | Elf:3    | Bought a potion of heal wounds for 80 gold pieces
 57384 | Elf:3    | Bought a potion of resistance for 160 gold pieces
 57384 | Elf:3    | Bought a potion of heal wounds for 80 gold pieces
 57397 | Elf:3    | Bought a +4 ring of slaying for 1248 gold pieces
 57409 | Elf:3    | Found Zafidiur's Assorted Antiques.
 57414 | Elf:3    | Bought a scroll of fog for 46 gold pieces
 57414 | Elf:3    | Bought 3 scrolls of teleportation for 207 gold pieces
 57436 | Elf:3    | Found Virypp's Antique Weapon Emporium.
 57482 | Elf:3    | Found Muyhel's Weapon Emporium.
 57626 | Elf:3    | Reached skill level 15 in Shields
 58110 | Elf:3    | Identified the +3 buckler of Shadows and Fog {rPois Will-
                  | SInv} (Okawaru gifted it to you on level 3 of the Elven
                  | Halls)
 58110 | Elf:3    | Received a gift from Okawaru
 58513 | Elf:3    | Identified the +1 morningstar "Wiyhaoc" {freeze, rN+ Str+8
                  | Int-5 Dex-2}
 58562 | Elf:3    | Identified the ring of Puklopseqad {rF+ AC+4 Str+6 Int-2}
 58612 | Elf:3    | Got the Volume of the Oath and Weightlessness
 58616 | Elf:3    | Found the macabre finger necklace {rN+}
 58654 | Elf:3    | Identified the ring "Nutig" {Fire +Blink Will- Stlth+}
 58666 | Elf:3    | Identified the +7 hand axe of Action {vorpal, Str+4 Int+4}
 58922 | Elf:1    | Reached XP level 23. HP: 133/141 MP: 30/30
 59224 | Elf:1    | Paralysed by an air elemental for 1 turns
 59237 | Elf:1    | Reached skill level 15 in Dodging
 59511 | Elf:1    | Found Otitsupe's Weapon Shop.
 60141 | Elf:1    | Paralysed by an air elemental for 1 turns
 60403 | Vaults:1 | Entered Level 1 of the Vaults
 60435 | Vaults:1 | Received a gift from Okawaru
 60502 | Vaults:1 | Received a gift from Okawaru
 61236 | Vaults:1 | Noticed Asterion
 61248 | Vaults:1 | Killed Asterion
 61490 | Vaults:1 | Reached XP level 24. HP: 155/158 MP: 30/31
 61547 | Vaults:1 | Identified the +6 ring mail "Seolal" {rC- Dex+2 Stlth+}
                  | (Okawaru gifted it to you on level 1 of the Vaults)
 61547 | Vaults:1 | Received a gift from Okawaru
 61619 | Vaults:1 | Found a transporter.
 61886 | Vaults:1 | Found a transporter.
 62033 | Vaults:1 | Identified the +1 cloak of Ru's Reproof {Fly rC- rCorr}
 62087 | Vaults:2 | Noticed Boris
 62167 | Vaults:1 | Killed Boris
 62492 | Vaults:2 | Reached XP level 25. HP: 164/166 MP: 31/31
 63567 | Vaults:2 | Received a gift from Okawaru
 63955 | Vaults:2 | Noticed Saint Roka
 63978 | Vaults:2 | Killed Saint Roka
 65247 | Vaults:3 | Found Edukh's Weapon Shoppe.
 65364 | Vaults:3 | Found Baro's Assorted Antiques.
 65373 | Vaults:3 | Identified the +1 ring mail of Voforipy {rC+++} (Okawaru
                  | gifted it to you on level 3 of the Vaults)
 65373 | Vaults:3 | Received a gift from Okawaru
 65393 | Vaults:3 | Bought a scratched tourmaline ring for 135 gold pieces
 65393 | Vaults:3 | Bought a scroll of teleportation for 81 gold pieces
 65848 | Vaults:3 | Found a staircase to the Crypt.
 65848 | Vaults:3 | Found an ancient bone altar of Kikubaaqudgha.
 65848 | Vaults:3 | Found a basalt altar of Yredelemnul.
 66075 | Vaults:4 | Noticed Boris
 66086 | Vaults:4 | Killed Boris
 66095 | Vaults:4 | Noticed Jory
 66115 | Vaults:4 | Killed Jory
 66298 | Vaults:4 | Found a transporter.
 66298 | Vaults:4 | Found a transporter.
 66298 | Vaults:4 | Noticed howech's ghost (veteran MiGl)
 66762 | Vaults:4 | Reached XP level 26. HP: 161/179 MP: 33/33
 67704 | Vaults:4 | Reached skill level 15 in Invocations
 67834 | Vaults:4 | Killed howech's ghost
 68043 | Vaults:4 | Identified the +1 plate armour of Restlessness {Rampage
                  | +Inv} (Okawaru gifted it to you on level 4 of the Vaults)
 68043 | Vaults:4 | Received a gift from Okawaru
 68206 | Vaults:5 | Entered Level 5 of the Vaults
 69202 | Vaults:5 | Noticed an ancient lich
 69216 | Vaults:4 | Killed an ancient lich
 70528 | Vaults:5 | Noticed a dread lich
 70539 | Vaults:5 | Killed a dread lich
 70785 | Vaults:5 | Got a silver rune of Zot
 71154 | Vaults:5 | Noticed Margery
 71163 | Vaults:5 | Killed Margery
 71187 | Vaults:5 | Identified the +8 eveningstar of Petix {freeze, rC+ Will+
                  | Dex+5 Stlth+} (Okawaru gifted it to you on level 5 of the
                  | Vaults)
 71187 | Vaults:5 | Received a gift from Okawaru
 71511 | Vaults:5 | Reached XP level 27. HP: 184/184 MP: 36/36
 71524 | Vaults:5 | Identified the +1 ring mail of the Leaf {Dex+3}
 72213 | Vaults:5 | Noticed Xtahua
 72230 | Vaults:5 | Killed Xtahua
 72230 | Vaults:5 | Identified the +4 crystal plate armour of Xownoof {Will+}
                  | (Okawaru gifted it to you on level 5 of the Vaults)
 72230 | Vaults:5 | Received a gift from Okawaru
 72678 | Vaults:5 | Noticed a dread lich
 72685 | Vaults:5 | Killed a dread lich
 72697 | Vaults:5 | Identified the +9 morningstar of Cuugeuse {vamp, rPois rC-
                  | rN+ SInv}
 72698 | Vaults:5 | Identified the ring "Doitz" {*Slow rElec rPois AC+4 Int+4}
 73021 | Crypt:1  | Entered Level 1 of the Crypt
 73052 | Crypt:1  | Noticed Boris
 73073 | Crypt:1  | Killed Boris
 75097 | Crypt:1  | Reached skill level 15 in Armour
 75334 | Crypt:2  | Found an ancient bone altar of Kikubaaqudgha.
 76083 | Crypt:3  | Entered Level 3 of the Crypt
 76137 | Crypt:3  | Identified the +2 trident "Kucvabov" {vorpal, rN+}
 76512 | Crypt:3  | Noticed a royal mummy
 76523 | Crypt:3  | Killed a royal mummy
 76524 | Crypt:3  | Found a staircase to the Tomb.
 77107 | Crypt:3  | Identified the +7 rapier of Equilibrium {spect, rC+ Str+2
                  | Dex+4} (Okawaru gifted it to you on level 3 of the Crypt)
 77107 | Crypt:3  | Received a gift from Okawaru
 77606 | Crypt:3  | Identified the +10 dire flail "Zionnokk" {venom, Int+2}
 77610 | Crypt:3  | Found the +4 dagger "Morg" {pain, Will+ Int+5}
 77612 | Crypt:3  | Noticed a dread lich
 77632 | Crypt:3  | Killed a dread lich
 77640 | Crypt:3  | Identified the amulet of Suspected Treachery {Faith rCorr}
 77650 | Crypt:3  | Identified the +1 pair of boots of Happy Babbling {*Corrode
                  | rF+ Stlth+}
 77836 | Crypt:3  | Found an ancient bone altar of Kikubaaqudgha.
 78923 | Crypt:3  | Found the ring of the Octopus King
 78927 | Crypt:3  | Identified a ring of the Octopus King {Fly AC+1 EV+1 Str+1
                  | Int+1 Dex+1}
 79368 | Slime:1  | Entered Level 1 of the Pits of Slime
 79806 | Slime:2  | Received a gift from Okawaru
 82276 | Slime:5  | Entered Level 5 of the Pits of Slime
 83235 | Slime:5  | Received a gift from Okawaru
 83532 | Slime:5  | Noticed the Royal Jelly
 83578 | Slime:5  | Killed the Royal Jelly
 84023 | Slime:5  | Identified the +8 trident "Muroquyg" {elec, Fragile rElec
                  | Will+++ rCorr}
 84040 | Slime:5  | Got Jytyocw's Volume of Creative Translocation
 84087 | Slime:5  | Got a slimy rune of Zot
 84164 | Slime:5  | Identified the ring of the Madman {Str+3 Int+6}
 84462 | Pan      | Entered Pandemonium
 84527 | Pan      | Noticed Cewyca the pandemonium lord
 84549 | Pan      | Slain by Cewyca the pandemonium lord

Illustrated notes

Levels and vault maps discovered:
D:1:      minmay_arrival_four_circles, layout_loops_ring,
          minmay_stone_trees_small
D:2:      layout_rooms, serial_shops, nicolae_shop_overgrown_old_shop,
          shapermc_ecumenical_altar_gd, basic_altar
D:3:      layout_rooms, minmay_misc_feat_cross, kennysheep_cluttered_room,
          uniq_robin, uniq_terence, uniq_sigmund
D:4:      layout_layer_cave, gup_sewer_entry_pipe, serial_shops,
          nicolae_inconvenience_store, minmay_bent
D:5:      layout_basic, temple_hall, nicolae_figureground_pulse
D:6:      layout_rooms, tso_altar
D:7:      layout_loops_corners, uniq_crazy_yiuf_cottage, uniq_prince_ribbit1
D:8:      nzn_winding_woodlands_large [nzn_winding_woodlands_5x5_closed_star,
          nzn_winding_woodlands_5x15_zeroes, nzn_winding_woodlands_5x5_default,
          nzn_winding_woodlands_center_pierced_h,
          nzn_winding_woodlands_15x15_boxy_spiral,
          nzn_winding_woodlands_center_diamonds,
          nzn_winding_woodlands_5x5_checkerboard,
          nzn_winding_woodlands_5x15_river_crossing,
          nzn_winding_woodlands_5x5_three], layout_loops_ring
D:9:      layout_basic, lair_entry_dummy
D:10:     layout_cave_pods, serial_column_ruins, column_ruins_columns_corner,
          column_ruins_open_small, column_ruins_columns_dead_end, uniq_harold
D:11:     layout_layer_cave, orc_0_dummy, ebering_ghost_gozag
D:12:     layout_irregular_city, minivault_28, uniq_josephine
D:13:     layout_rooms, david_vaults_3, serial_shops, shop, shop,
          ebering_ghost_rock_garden
D:14:     minmay_inner_zag, layout_cave_pools, okawaru_ov_weapons_minmay,
          serial_shops, nicolae_shop_crystal, shop_fountains, shop,
          beargit_hepliaklqana_dungeon_heroes, uniq_kirke
D:15:     grunt_enter_depths_magical_seal, layout_basic,
          hangedman_decor_clover_reticule, fedhas_altar_3
Temple:   nicolae_temple_the_god_donut
Lair:1:   layout_regular_city, gauntlet_entry_generic,
          nicolae_lair_liquid_snakes
Lair:2:   layout_regular_city, swamp_mist_pool, st_stairs_4,
          grunt_forest_large_clearings, grunt_megastairs_2
Lair:3:   layout_regular_city, guppyfry_snake_entry_island
Lair:4:   layout_concentric_octagons, enter_volcano_1
Lair:5:   layout_regular_city, grunt_forest_small_clearing_treed
Lair:6:   hangedman_lair_in_review, layout_layer_cave, wormcave, slime_dummy,
          chequers_serial_rivers_micro_b, pond
Swamp:1:  layout_basic_swamp, evilmike_swamp_ruin_house_4, swamp_pool2,
          worms_lemuel, infiniplex_staircase_pool_2
Swamp:2:  layout_basic_swamp, nicolae_swamp_some_circles, swamp_pool1
Swamp:3:  layout_falls_marsh, hangedman_swamp_cone, swamp_pool4
Swamp:4:  byrel_swamp_growth_death_and_undeath, layout_basic_swamp,
          infiniplex_staircase_pool
Snake:1:  layout_layer_cave, gammafunk_ghost_necromancy, uniq_frances,
          uniq_donald
Snake:2:  layout_onion, uniq_vashnia, uniq_aizul, uniq_roxanne
Snake:3:  layout_rooms, ebering_ghost_reflecting_pool,
          portal_ice_cave_entry_pillars_three, nicolae_snake_double_loop,
          uniq_mara
Snake:4:  grunt_snake_rune_pools, layout_chambers, uniq_mlioglotl, uniq_louise,
          uniq_nikola
Slime:1:  layout_caves
Slime:2:  layout_caves
Slime:3:  layout_caves
Slime:4:  layout_caves
Slime:5
Orc:1:    layout_caves
Orc:2:    pf_orc_diabolical, layout_caves, serial_shops, shop, uniq_rupert
Elf:1:    eino_elf_arrival_customs, layout_gridlike, serial_shops, shop,
          evilmike_minifort, hangedman_decor_cross_pass
Elf:2:    elven_hall_of_blades_hangedman_original
          [nicolae_blade_entry_crossed_weapons], layout_onion_city,
          serial_shops, shop_fountains, nicolae_shop_crystal
Elf:3:    minmay_elf_hall_circle, layout_geoelf_octagon, serial_shops,
          nicolae_shop_stone, nicolae_lakefront_shop,
          nicolae_shop_temple_entry_statues_fountains, nicolae_shop_stone, shop
Vaults:1: v_misc_24, v_misc_27, gammafunk_the_bubble
          [the_bubble_gammafunk_split], ontoclasm_vaults_bender,
          vaults_room_grunt_arrival_ludios, nicolae_vaults_little_squares_3,
          vaults_dpeg_diagonal, hangedman_vaults_variations,
          ontoclasm_vaults_fault, v_alt_pattern_6, nicolae_vaults_shelves_hall,
          vaults_room_stairs_pillars, nicolae_vaults_mini_display_case,
          vaults_dpeg_hooks, layout_vaults_maze, uniq_asterion
Vaults:2: nicolae_vaults_big_ls, nicolae_vaults_little_squares_4,
          nicolae_vaults_network_quincunx
          [nicolae_vaults_network_quincunx_subvault,
          nicolae_vaults_network_quincunx_subvault,
          nicolae_vaults_network_quincunx_subvault,
          nicolae_vaults_network_quincunx_subvault,
          nicolae_vaults_network_quincunx_subvault], hangedman_vaults_nodes,
          nicolae_vaults_little_squares_3, v_alt_pattern_6,
          nicolae_vaults_yaktaur_gun_rack, v_rooms_5, vaults_room_pools,
          st_lattice, layout_vaults_omnibox, uniq_saint_roka, uniq_boris
Vaults:3: v_misc_10, nicolae_vaults_ninety_degrees,
          minmay_crypt_entry_necro_gods, hangedman_vaults_pinch,
          vaults_dpeg_encased_lava, layout_vaults_big_room, serial_shops, shop,
          shop_statue
Vaults:4: gammafunk_ghost_mausoleum, v_rooms_6, grunt_vaults_hallway_long,
          ontoclasm_vaults_spin, hangedman_vaults_corner,
          grunt_vaults_hallway_short, hangedman_vaults_stagger,
          hangedman_vaults_stretched_pinwheel, nicolae_vaults_three_branches,
          v_misc_17, ontoclasm_vaults_eye, nicolae_vaults_shelves_hall,
          layout_vaults_ring, uniq_jory
Vaults:5: uniq_margery, uniq_xtahua
Crypt:1:  layout_misc_corridors
Crypt:2:  layout_regular_city, weyrava_vampire_temple, grunt_megastairs_5
Crypt:3:  evilmike_haunted_forest
Pan:      grunt_pan_in_and_out, layout_gridlike

Skill      XL: |  1  2  3  4  5  6  7  8  9 10 11 12 13 14 15 16 17 18 19 20 21 22 23 24 25 26 27 |
---------------+----------------------------------------------------------------------------------+-----
Maces & Flails | 2 3 4 8 12 15 16 | 16.0
Fighting       | 3 5 6 9 10 14 15 18 19 22 | 22.0
Throwing       | 3 5 |  5.0
Shields        | 4 5 8 11 12 15 | 15.0
Short Blades   | 5 10 12 14 | 14.0
Invocations    | 4 8 10 11 13 19 22 | 22.1
Evocations     | 6 9 10 | 10.0
Armour         | 9 10 13 14 19 | 19.4
Dodging        | 10 11 14 15 | 15.0
Spellcasting   | |  2.1
Translocations | |  3.0

Action                   |  1- 3 |  4- 6 |  7- 9 | 10-12 | 13-15 | 16-18 | 19-21 | 22-24 | 25-27 || total
-------------------------+-------+-------+-------+-------+-------+-------+-------+-------+-------++-------
Melee: Mace              |   136 |   179 |       |       |       |       |       |       |       ||   315
       Dagger            |       |    30 |   376 |   584 |       |       |       |       |       ||   990
       Rapier            |       |       |       |   295 |   437 |       |       |       |       ||   732
       Morningstar       |       |       |       |       |   358 |       |       |       |       ||   358
       Eveningstar       |       |       |       |       |   231 |  1893 |  1302 |  1146 |  3032 ||  7604
Throw: Boomerang         |       |     5 |       |       |       |       |       |       |       ||     5
       Dart              |       |       |     4 |    12 |     4 |     2 |       |       |       ||    22
       Throwing net      |       |       |       |       |     1 |     1 |       |     3 |       ||     5
Invok: Heroism           |       |       |       |     4 |     3 |     2 |     3 |     2 |     6 ||    20
       Finesse           |       |       |       |       |       |       |       |       |     2 ||     2
Evoke: Wand              |       |     3 |     6 |     8 |    14 |       |    12 |     3 |     3 ||    49
       Condenser vane    |       |       |       |       |     4 |     2 |     4 |     4 |     4 ||    18
       Lightning rod     |       |       |       |       |     3 |     8 |    14 |     4 |     4 ||    33
       Tin of tremorston |       |       |       |       |       |     3 |     5 |     5 |    10 ||    23
       Phial of floods   |       |       |       |       |       |       |     1 |     1 |       ||     2
  Use: Scroll            |       |     3 |     1 |     9 |    13 |    13 |     8 |       |    14 ||    61
       Potion            |       |     1 |       |     3 |       |     3 |     2 |     3 |     6 ||    18
 Stab: Sleeping          |     4 |     6 |       |       |       |       |       |       |       ||    10
       Distracted        |       |       |       |       |     1 |     1 |     1 |       |       ||     3
       Petrified         |       |       |       |       |     1 |       |       |       |       ||     1
       Held in net/web   |       |       |       |       |       |     2 |       |     1 |       ||     3
       Confused          |       |       |       |       |       |     1 |       |       |       ||     1
       Paralysed         |       |       |       |       |       |       |     3 |       |       ||     3
Armor: Ring mail         |    52 |    63 |     1 |       |       |       |       |       |       ||   116
       Skin              |       |    22 |       |       |       |       |       |       |       ||    22
       Scale mail        |       |       |   135 |   164 |       |       |       |       |       ||   299
       Chain mail        |       |       |       |    78 |   370 |   270 |       |       |       ||   718
       Gold dragon scale |       |       |       |       |       |   382 |   507 |   449 |   577 ||  1915
       Crystal plate arm |       |       |       |       |       |       |       |       |   635 ||   635
Dodge: Dodged            |    50 |    97 |   104 |   196 |   196 |   740 |   479 |   309 |   999 ||  3170
Block: Kite shield       |    64 |   122 |   196 |   393 |   327 |       |   317 |   635 |  1717 ||  3771
       Buckler           |       |       |       |       |   143 |   684 |   269 |       |       ||  1096
